 Dungeon Crawl Stone Soup version 0.31.0-32-g396128a36d (webtiles) character file.

Game seed: 12022160446570592458

5406 PaiMei the Merchant of Misery (level 10, -2/76 (79) HPs)
             Began as a Demonspawn Necromancer on Mar 25, 2024.
             Was a Believer of Kikubaaqudgha.
             Slain by a death knight
             ... wielding a +1 battleaxe
              (25 damage)
             ... on level 8 of the Dungeon.
             The game lasted 00:15:16 (11513 turns).

PaiMei the Merchant of Misery (DsNe)               Turns: 11513, Time: 00:15:17

HP:   -2/76 (79)    AC:  8    Str: 15    XL:     10   Next: 40%
MP:   13/21         EV: 14    Int: 20    God:    Kikubaaqudgha [**....]
Gold: 468           SH:  4    Dex: 13    Spells: 6/23 levels left

rFire   . . .        d - +2 dagger (speed)
rCold   . . .        K - +0 buckler
rNeg    . . .        a - +0 robe
rPois   +            A - +2 helmet
rElec   .            l - +0 cloak
rCorr   .            O - +0 pair of gloves
SInv    .            z - +0 pair of boots
Will    .....        (no amulet)
Stlth   ++           y - +6 ring of strength
HPRegen 0.32/turn    q - ring of poison resistance
MPRegen 0.17/turn

%: no passive effects
@: lightly drained
A: demonic guardian 2, sturdy frame 2, demonic magic 1, demonic touch 1
a: Renounce Religion, Unearth Wretches


You were on level 8 of the Dungeon.
You worshipped Kikubaaqudgha.
Kikubaaqudgha was pleased with you.
You visited 2 branches of the dungeon, and saw 9 of its levels.

You collected 468 gold pieces.

Inventory:

Hand Weapons
 d - a +2 dagger of speed (weapon)
Missiles
 o - 27 poisoned darts
 s - 2 atropa-tipped darts (quivered)
 x - a throwing net
Armour
 a - a +0 robe (worn)
 l - a +0 cloak (worn)
 z - a +0 pair of boots (worn)
 A - a +2 helmet (worn)
 K - a +0 buckler (worn)
 O - a +0 pair of gloves (worn)
Jewellery
 n - a ring of protection from cold
 q - a ring of poison resistance (right hand)
 y - a +6 ring of strength (left hand)
Wands
 B - a wand of flame (8)
 N - a wand of acid (6)
Scrolls
 e - 3 scrolls of enchant weapon {unknown}
 g - 3 scrolls of fog {unknown}
 h - 2 scrolls of amnesia {unknown}
 i - a scroll of brand weapon {unknown}
 k - 3 scrolls of vulnerability {unknown}
 m - 3 scrolls of teleportation {unknown}
 p - 6 scrolls of identify {unknown}
 t - a scroll of poison {unknown}
 u - a scroll of silence {unknown}
 v - 2 scrolls of revelation {unknown}
 D - a scroll of fear {unknown}
 G - 2 scrolls of noise {unknown}
 I - a scroll of immolation {unknown}
 L - a scroll of acquirement {unknown}
 M - a scroll of blinking {unknown}
Potions
 b - a potion of magic
 c - a potion of berserk rage {unknown}
 f - 3 potions of heal wounds {unknown}
 j - a potion of enlightenment {unknown}
 r - a potion of cancellation {unknown}
 w - 2 potions of curing {unknown}
 C - 3 potions of resistance {unknown}
 E - 3 potions of might {unknown}
 F - 2 potions of mutation {unknown}
 H - a potion of haste {unknown}
 J - a potion of brilliance {unknown}


   Skills:
 + Level 7.5 Fighting
 + Level 7.4 Dodging
 - Level 2.0 Stealth
 + Level 7.4 Spellcasting
 + Level 9.7 Necromancy


You had 6 spell levels left.
You knew the following spells:

 Your Spells              Type           Power      Damage    Failure   Level
a - Necrotise             Necr           100%       1d9       1%          1
b - Vampiric Draining     Necr           46%        2d9       1%          3
c - Animate Dead          Necr           46%        N/A       2%          4
d - Curse of Agony        Necr           46%        N/A       6%          5
e - Dispel Undead         Necr           46%        3d18      2%          4

Your spell library contained the following spells:

 Spells                   Type           Power      Damage    Failure   Level
 Kiss of Death            Conj/Necr      100%       2d13      1%          1
 Fugue of the Fallen      Necr           46%        N/A       1%          3
 Confusing Touch          Hex            7%         N/A       36%         3
 Dazzling Flash           Conj/Hex       14%        N/A       36%         3
 Gell's Gravitas          Tloc           7%         N/A       36%         3
 Mephitic Cloud           Conj/Alch/Air  7%         N/A       36%         3
 Ozocubu's Armour         Ice            7%         N/A       36%         3
 Teleport Other           Tloc           7%         N/A       36%         3
 Manifold Assault         Tloc           7%         N/A       77%         4
 Silence                  Hex/Air        3%         N/A       98%         5
 Dispersal                Tloc           3%         N/A       100%        6


Dungeon Overview and Level Annotations

Branches:
Dungeon (8/15)             Temple (1/1) D:5
   Lair: D:8-11

Altars:
Ashenzari
Cheibriados
Dithmenos
Fedhas
Gozag
Hepliaklqana
Kikubaaqudgha
Makhleb
Nemelex Xobeh
Okawaru
Qazlal
Ru
Sif Muna
Trog
Uskayaw
Vehumet
Wu Jian
Xom

Shops:
D:3 *   D:5 ![*==

Annotations:
D:4 Pargi
D:5 2 runed translucent doors, spacecowgir1's ghost, novice MiBe


Innate Abilities, Weirdness & Mutations

A demonic guardian rushes to your aid.
Your movements are less encumbered by armour. (ER -4)
Spells you cast may paralyse adjacent enemies.
Your touch may inflict minor irresistible damage on your foes.


Message History

Aim: a laughing skull (100% to hit)
The laughing skull is dispelled!!
Malevolent energies surge around you. The laughing skull headbutts you.
The laughing skull lets out a vicious peal of laugher.
The bolt of negative energy hits you!!
You feel drained.
Casting: Dispel Undead (dangerous; 2% risk of failure)
Confirm with . or Enter, or press ? or * to list all spells.
Aiming: Dispel Undead (dangerous; 2% risk of failure)
Press: ? - help, Shift-Dir - straight line, f/p - laughing skull
Aim: a laughing skull (almost destroyed, 100% to hit)
The laughing skull is dispelled!!
You destroy the laughing skull!
Kikubaaqudgha accepts your kill. Malevolent energies surge around you.
You start resting.
A death knight is nearby!
Casting: Dispel Undead (dangerous; 2% risk of failure)
Confirm with . or Enter, or press ? or * to list all spells.
You can't see any susceptible monsters within range! (Use Z to cast anyway.)
Casting: Dispel Undead (dangerous; 2% risk of failure)
Confirm with . or Enter, or press ? or * to list all spells.
Aiming: Curse of Agony (dangerous; 6% risk of failure)
Press: ? - help, Shift-Dir - straight line, f - death knight
Aim: a death knight, wielding a +1 battleaxe and wearing a +0 plate armour (wandering, hasn't noticed you, chance to affect: 44%)
The death knight shouts!
The death knight is cursed with the promise of agony.
Malevolent energies surge around you.
The death knight invokes the aid of Yredelemnul against you.
Your body is wracked with pain!
A demonic guardian appears!
You closely miss the death knight.
The death knight hits you with a +1 battleaxe!
The death knight hits your orange demon with a +1 battleaxe.
You barely miss the death knight.
Your orange demon stings the death knight.
The death knight looks as sick as possible!
Your orange demon poisons the death knight!
Your orange demon hits the death knight.
The death knight hits you with a +1 battleaxe!!
You die...
Kikubaaqudgha rasps: "You have failed me!
Welcome... death!"

#.##.# ####........... #.##.#
#............##
#.##.###...........###
#...............#### #
###############.# # .# ♣. ♣#.#♣
.♣ #.# # .# ♣.♣#.#[#♣.♣ #.# #
##.# ♣.[#8#..♣ #.# # #.. ♣.♣#@#.#
#.## # ####.#### ♣. ♣#p#♣ #..# #
........# ### #4# #####.#####
.##...#.#♣♣.♣♣# ♣.♣♣ ♣♣.♣ #......
........#♣....# ♣♣.♣#♣.♣♣♣#.#####
.##...#.#♣.≈♣.#♣♣.♣♣#.♣♣..#.##
.###.##.#♣.~..#♣..♣♣#...♣.#..####
.# #.##.#♣.≈.♣#.♣♣.♣#♣♣♣♣.#).....
.# #<##.#♣..♣♣#.♣♣♣.# ♣.♣#......


You could see a death knight (extremely poisoned, ally target, agonized) and a
friendly orange demon (summoned).

Vanquished Creatures
  Pikel (D:8)
  Maurice (D:8)
  A komodo dragon (D:8)
  2 hornets (D:8)
  A shadow (D:7)
  A water moccasin (D:7)
  2 orc warriors
  An ice beast (D:4)
  3 sky beasts (D:8)
  2 ogres
  A laughing skull (D:8)
  3 centaurs
  A phantom (D:7)
  A lemure (D:8)
  2 bullfrogs (D:8)
  2 kobold brigands (D:8)
  A scorpion (D:4)
  7 wights
  9 howler monkeys
  3 bombardier beetles
  3 orc priests (D:7)
  4 hounds
  3 jellies (D:5)
  2 gnoll boudas
  3 iguanas
  An orc wizard (D:7)
  Robin (D:4)
  8 gnolls
  5 adders
  A shadow imp (D:6)
  3 white imps
  2 ufetubi (D:6)
  3 dart slugs (D:5)
  A ribbon worm (D:2)
  11 orcs
  3 bats
  2 endoplasms
  A giant cockroach (D:4)
  13 goblins
  7 hobgoblins
  11 jackals
  7 kobolds
  5 quokkas
  8 ball pythons
  3 frilled lizards
  6 rats
162 creatures vanquished.

Vanquished Creatures (collateral kills)
  Joseph (D:8)
  A wyvern (D:8)
  A lemure (D:8)
  A bullfrog (D:8)
  3 wights (D:8)
  A gnoll (D:8)
  A hobgoblin (D:4)
  A ball python (D:3)
10 creatures vanquished.

Vanquished Creatures (others)
  A komodo dragon zombie (D:8)
  A gnoll zombie (D:8)
2 creatures vanquished.

Grand Total: 174 creatures vanquished

Notes
Turn   | Place    | Note
-------+----------+-------------------------------------------
     0 | D:1      | PaiMei the Demonspawn Necromancer began the quest for the
                  | Orb.
     0 | D:1      | Reached XP level 1. HP: 13/13 MP: 3/3
   447 | D:1      | Gained mutation: A weak demonic guardian rushes to your
                  | aid. [demonic ancestry]
   447 | D:1      | Reached XP level 2. HP: 15/19 MP: 5/5
   599 | D:1      | Found a faded altar of an unknown god.
  1447 | D:2      | Gained mutation: Your touch may inflict minor irresistible
                  | damage on your foes. [demonic ancestry]
  1447 | D:2      | Reached XP level 3. HP: 25/25 MP: 4/6
  1451 | D:2      | Learned a level 3 spell: Vampiric Draining
  2114 | D:3      | Found Duosmut's Assorted Antiques.
  2126 | D:3      | Reached skill level 1 in Fighting
  2362 | D:3      | Gained mutation: A demonic guardian rushes to your aid.
                  | [demonic ancestry]
  2362 | D:3      | Reached XP level 4. HP: 32/32 MP: 2/7
  2495 | D:4      | Noticed an ice beast
  2526 | D:4      | Noticed a scorpion
  2531 | D:4      | Killed a scorpion
  2532 | D:4      | Reached skill level 5 in Necromancy
  2708 | D:4      | Reached XP level 5. HP: 35/38 MP: 7/9
  2776 | D:4      | Noticed Robin
  2983 | D:4      | Killed an ice beast
  3027 | D:4      | Killed Robin
  3107 | D:4      | Gained mutation: Your movements are slightly less
                  | encumbered by armour. (ER -2) [demonic ancestry]
  3107 | D:4      | Reached XP level 6. HP: 41/46 MP: 2/10
  3307 | D:4      | Noticed Pargi
  4228 | D:5      | Entered Level 5 of the Dungeon
  4282 | D:5      | Found Zeutwasae's Jewellery Emporium.
  4329 | D:5      | Found Impilaba's Jewellery Emporium.
  4388 | D:5      | Reached skill level 6 in Necromancy
  4455 | D:5      | Found Jecviud's Antique Armour Shop.
  4474 | D:5      | Reached XP level 7. HP: 48/52 MP: 12/12
  4702 | D:5      | Found a large runed translucent door.
  4702 | D:5      | Found a large runed translucent door.
  4708 | D:5      | Noticed spacecowgir1's ghost (novice MiBe)
  4838 | D:5      | Found a staircase to the Ecumenical Temple.
  4847 | Temple   | Entered the Ecumenical Temple
  4855 | Temple   | Became a worshipper of Kikubaaqudgha
  4879 | D:5      | Identified the +1 scale mail "Giggin" {*Corrode rElec
                  | Stlth+}
  5102 | D:5      | Found a bloodstained altar of Trog.
  5130 | D:5      | Found Pytuhot's Distillery.
  5313 | D:5      | Found Lummiff's Assorted Antiques.
  6168 | D:6      | Reached XP level 8. HP: 60/60 MP: 6/14
  6302 | D:6      | Found a shadowy altar of Dithmenos.
  6854 | D:7      | Learned a level 4 spell: Animate Dead
  6859 | D:7      | Learned a level 4 spell: Dispel Undead
  6872 | D:7      | Reached skill level 7 in Necromancy
  7007 | D:7      | Reached * piety under Kikubaaqudgha
  7007 | D:7      | Received a gift from Kikubaaqudgha
  7158 | D:7      | Reached skill level 5 in Dodging
  7158 | D:7      | Reached skill level 5 in Spellcasting
  7247 | D:7      | Reached skill level 5 in Fighting
  7972 | D:7      | Gained mutation: Your movements are less encumbered by
                  | armour. (ER -4) [demonic ancestry]
  7972 | D:7      | Reached XP level 9. HP: 66/68 MP: 3/17
  8355 | D:6      | Reached skill level 8 in Necromancy
  8492 | D:7      | Learned a level 5 spell: Curse of Agony
  8537 | D:8      | Noticed Joseph
  8538 | D:8      | Noticed a komodo dragon
  8962 | D:8      | Killed a komodo dragon
  8990 | D:8      | Killed Joseph
  9557 | D:8      | Reached skill level 9 in Necromancy
 10136 | D:8      | Gained mutation: Spells you cast may paralyse adjacent
                  | enemies. [demonic ancestry]
 10136 | D:8      | Reached XP level 10. HP: 64/79 MP: 15/20
 10141 | D:8      | Reached ** piety under Kikubaaqudgha
 10147 | D:8      | Noticed Maurice
 10552 | D:8      | Paralysed by a hornet for 3 turns
 10672 | D:8      | Killed Maurice
 10745 | D:8      | Found a hide-covered altar of Uskayaw.
 10809 | D:8      | Noticed Pikel
 10828 | D:8      | Killed Pikel
 10948 | D:8      | Noticed a death knight
 11513 | D:8      | Slain by a death knight

Illustrated notes

Levels and vault maps discovered:
D:1:      mainiacjoe_arrival_oval_in_oval, layout_loops_ring,
          dreamdust_ecumenical_altar_angels_and_demons, roderic_lattice_a
D:2:      layout_basic
D:3:      layout_rooms, serial_shops, shop
D:4:      layout_loops_ring, uniq_pargi, uniq_robin
D:5:      layout_loops_ring, lightli_temple_of_fire, minmay_temple_entry_waves,
          serial_shops, nicolae_shop_statue_plus, shop, shop, shop, shop,
          ebering_ghost_disaster_area, st_stairs_6
D:6:      layout_basic, nicolae_overflow_crystal_walls, minivault_1,
          grunt_decor_one_mirror
D:7:      layout_loops_ring, lemuel_coloured_pillars_altar
D:8:      nzn_winding_woodlands_three_and_one
          [nzn_winding_woodlands_5x15_pathside_ponds,
          nzn_winding_woodlands_5x15_crooked, nzn_winding_woodlands_5x15_jagged,
          nzn_winding_woodlands_center_diamonds], layout_loops_ring,
          nicolae_overflow_hidden_temple, enter_bailey_6, uniq_maurice,
          uniq_pikel, uniq_joseph
Temple:   nicolae_temple_bog_church

Skill      XL: |  1  2  3  4  5  6  7  8  9 10 |
---------------+-------------------------------+-----
Stealth        | 2 |  2.0
Dodging        | 2 3 4 5 6 7 |  7.4
Fighting       | 1 2 3 4 5 7 |  7.5
Necromancy     | 5 6 7 9 |  9.7
Spellcasting   | 3 4 5 6 7 |  7.4

Action                     |  1- 3 |  4- 6 |  7- 9 | 10-12 || total
---------------------------+-------+-------+-------+-------++-------
  Melee: Dagger            |    31 |    26 |   162 |    17 ||   236
         Touch             |       |     5 |    28 |     5 ||    38
   Cast: Necrotise         |    70 |    58 |    78 |     1 ||   207
         Vampiric Draining |       |    13 |    76 |    11 ||   100
         Dispel Undead     |       |       |     9 |     4 ||    13
         Animate Dead      |       |       |     1 |       ||     1
         Curse of Agony    |       |       |       |     1 ||     1
   Stab: Paralysed         |       |       |       |     4 ||     4
 Armour: Robe              |    20 |    36 |   135 |    15 ||   206
  Dodge: Dodged            |    31 |    35 |   144 |     7 ||   217
